 Dungeon Crawl Stone Soup version 0.28-a0-794-gafe8c5f9e9 (webtiles) character file.

Game seed: 6250986435156781461

53 kae the Caller (level 3, -2/20 HPs)
             Began as a Tengu Summoner on Nov 5, 2021.
             Slain by a hobgoblin (3 damage)
             ... on level 2 of the Dungeon.
             The game lasted 00:01:18 (1327 turns).

kae the Caller (Tengu Summoner)                     Turns: 1327, Time: 00:01:18

Health: -2/20      AC:  2    Str:  8    XL:     3   Next: 89%
Magic:  6/7        EV: 12    Int: 16    God:
Gold:   29         SH:  0    Dex: 14    Spells: 0/6 levels left

rFire   . . .      SeeInvis .   b - +0 spear
rCold   . . .      Faith    .   (no shield)
rNeg    . . .      Spirit   .   a - +0 robe
rPois   .          Reflect  .   (helmet restricted)
rElec   .          Harm     .   (no cloak)
rCorr   .          Rampage  .   (no gloves)
Will    .....                   (boots unavailable)
Stlth   ++........              (no amulet)
HPRegen 0.06/turn               (no ring)
MPRegen 0.10/turn               (no ring)

@: lethally poisoned (-2 -> -5), invisible
A: beak, talons 3
a: no special abilities


You were on level 2 of the Dungeon.
You visited 1 branch of the dungeon, and saw 2 of its levels.

You collected 29 gold pieces.

Inventory:

Hand Weapons
 b - a +0 spear (weapon)
Armour
 a - a +0 robe (worn)
Scrolls
 e - a scroll of enchant armour {unknown}
 f - a scroll of holy word {unknown}
 h - a scroll of identify {unknown}
 j - a scroll of noise {unknown}
Potions
 d - a potion of haste {unknown}
 g - a potion of heal wounds {unknown}
 i - a potion of lignification {unknown}


   Skills:
 + Level 1.3 Fighting
 + Level 2.8 Dodging
 - Level 2.0 Stealth
 + Level 2.4 Spellcasting
 * Level 5.5 Summonings


You couldn't memorise any spells.
You knew the following spells:

 Your Spells              Type           Power      Damage    Failure   Level
a - Summon Small Mammal   Summ           76%        N/A       1%          1
b - Call Imp              Summ           19%        N/A       3%          2
c - Call Canine Familiar  Summ           19%        N/A       6%          3

Your spell library contained the following spells:

 Spells                   Type           Power      Damage    Failure   Level
 Summon Guardian Golem    Hex/Summ       10%        N/A       19%         3
 Slow                     Hex            4%         N/A       21%         1
 Corpse Rot               Necr/Air       2%         N/A       30%         2
 Ensorcelled Hibernation  Hex/Ice        2%         N/A       30%         2
 Poisonous Vapours        Pois/Air       2%         N/A       30%         2
 Confusing Touch          Hex            1%         N/A       52%         3
 Ozocubu's Armour         Ice            1%         N/A       52%         3
 Tukima's Dance           Hex            1%         N/A       52%         3
 Summon Lightning Spire   Summ/Air       10%        N/A       54%         4
 Metabolic Englaciation   Hex/Ice        0%         N/A       99%         5
 Yara's Violent Unravell  Hex/Tmut       0%         3d3       99%         5
 Simulacrum               Ice/Necr       0%         N/A       100%        6


Dungeon Overview and Level Annotations

Branches:
Dungeon (2/15)

Altars:

Shops:
D:1 (:?[


Innate Abilities, Weirdness & Mutations

You have a beak for a mouth.
You have claws for feet.


Message History

Your bat completely misses the hobgoblin.
You barely miss the adder. Your kick misses the adder.
Your bat hits the adder but does no damage.
The adder bites you.
You are poisoned.
The adder poisons you!
You hit the adder but do no damage. Your kick misses the adder.
You peck the adder.
The adder is moderately wounded.
You feel sick. The adder barely misses you.
Your bat closely misses the adder.
The adder bites you.
You are lethally poisoned!
The adder poisons you!
You are too injured to fight recklessly!
You are too injured to fight recklessly!
You are too injured to fight recklessly!
You are too injured to fight recklessly!
You are too injured to fight recklessly!
You are too injured to fight recklessly!
You feel very sick. The adder closely misses your bat.
You feel sick.
Your bat hits the adder.
There is a shaft here.
You hit the hobgoblin but do no damage.
You peck the hobgoblin, but do no damage.
* * * LOW HITPOINT WARNING * * *
You feel sick.
Your bat hits the adder. The adder bites your bat.
Your bat is poisoned.
The adder poisons your bat! The hobgoblin closely misses you.
You hit the hobgoblin. Your peck misses the hobgoblin.
The hobgoblin is almost dead.
* * * LOW HITPOINT WARNING * * *
You feel sick.
Your bat hits the adder.
Your bat closely misses the adder.
The hobgoblin hits you.
* * * LOW HITPOINT WARNING * * *
It was a potion of invisibility.
You fade into invisibility!
* * * LOW HITPOINT WARNING * * *
You feel sick.
Your bat closely misses the adder.
The hobgoblin hits you.
You die...

#### #... ##...## .......
....... #....b. #.>....####
.......Sg.#
.#.....##@########
.......##........####
###......####........##
...##.#..##.......#... >###
#.##............. #.
###<........#
#.##...........#
.........##................#
......(....................#


You could see an adder (ally target), a hobgoblin and a friendly bat (summoned,
very poisoned).

Vanquished Creatures
  2 adders (D:2)
  A dart slug (D:1)
  2 ball pythons (D:1)
  2 giant cockroaches (D:2)
  2 jackals (D:2)
  4 kobolds
  2 bats
  A frilled lizard (D:1)
  A goblin (D:1)
  6 rats
23 creatures vanquished.

Vanquished Creatures (collateral kills)
  A ball python (D:2)
  4 endoplasms
  A giant cockroach (D:2)
  A hobgoblin (D:1)
  A jackal (D:2)
  3 kobolds
11 creatures vanquished.

Vanquished Creatures (others)
  5 toadstools (D:1)
5 creatures vanquished.

Grand Total: 39 creatures vanquished

Notes
Turn   | Place    | Note
-------+----------+-------------------------------------------
     0 | D:1      | kae the Tengu Summoner began the quest for the Orb.
     0 | D:1      | Reached XP level 1. HP: 10/10 MP: 4/4
    26 | D:1      | Found Geheqem's Armour Shop.
   122 | D:1      | Found Monoaqealu's Magic Scroll Shop.
   131 | D:1      | Reached skill level 5 in Summonings
   197 | D:1      | Reached XP level 2. HP: 16/16 MP: 4/6
   268 | D:1      | Found Kaolew's Book Emporium.
   313 | D:1      | Found Sos Yxtekh's Weapon Shoppe.
   717 | D:2      | Reached XP level 3. HP: 16/20 MP: 5/7
   790 | D:2      | Found a faded altar of an unknown god.
   799 | D:2      | Reached skill level 1 in Fighting
   962 | D:2      | Learned a level 2 spell: Call Imp
   966 | D:2      | Learned a level 3 spell: Call Canine Familiar
  1327 | D:2      | HP: 1/20 [poisoned by an adder]
  1327 | D:2      | Slain by a hobgoblin

Illustrated notes

Levels and vault maps discovered:
D:1:      ldierk_walled_garden, layout_rooms, serial_shops, shop,
          nicolae_lakefront_shop, shop, shop, kennysheep_crisscross,
          hangedman_decor_growths
D:2:      minmay_spotlight, layout_rooms, basic_ecumenical_altar

Skill      XL: |  1  2  3 |
---------------+----------+-----
Summonings     | 5 |  5.5
Fighting       | 1 |  1.3
Dodging        | |  2.8
Stealth        | |  2.0
Spellcasting   | |  2.4

Action                   || total
-------------------------++-------
Melee: Spear             ||    76
       Unarmed           ||     5
       Peck              ||    15
       Kick              ||    12
 Cast: Summon Small Mamm ||    23
  Use: Potion            ||     1
 Stab: Sleeping          ||     3
Armor: Robe              ||    11
Dodge: Dodged            ||    59

Table legend: (Time is in decaauts)
 A = Elapsed time spent in this place.
 B = Non-inter-level travel time spent in this place.
 C = Inter-level travel time spent in this place.
 D = Time resting spent in this place.
 E = Time spent auto-exploring this place.
 F = Levels seen in this place.
 G = Mean time per level.
                   A        B        C        D        E       F      G
               +--------+--------+--------+--------+--------+-----+--------+
         Total |   1333 |   1303 |     30 |      0 |   1022 |   2 |  666.5 |
       Dungeon |   1333 |   1303 |     30 |      0 |   1022 |   2 |  666.5 |
               +--------+--------+--------+--------+--------+-----+--------+

Top non-repeatable levels by time:
     D:1: 711 daAuts
     D:2: 622 daAuts
